 Dungeon Crawl Stone Soup version 0.31-a0-1547-g618ab1f346 (webtiles) character file.

Game seed: 14303053092776773943

235 Vorhees the Grave Robber (level 5, -31/35 HPs)
             Began as a Mummy Necromancer on Jan 2, 2024.
             Killed from afar by Grinder the hellion (37 damage)
             ... with damnation
             ... on level 3 of the Dungeon.
             The game lasted 00:02:46 (2313 turns).

Vorhees the Grave Robber (Mummy Necromancer)        Turns: 2313, Time: 00:02:46

Health: -31/35     AC:  6    Str: 11    XL:     5   Next: 76%
Magic:  9/12       EV: 12    Int: 16    God:
Gold:   180        SH:  0    Dex: 19    Spells: 13/14 levels left

rFire   x . .        c - +0 flail
rCold   + . .        (no shield)
rNeg    + + +        e - +1 robe {Will+}
rPois   ∞            f - +0 helmet
rElec   .            (no cloak)
rCorr   .            (no gloves)
SInv    .            a - +1 pair of boots
Will    +....        (no amulet)
Stlth   ++           b - +6 ring of dexterity
HPRegen 0.25/turn    (no ring)
MPRegen 0.13/turn

%: faith
@: no status effects
A: cold resistance 1, negative energy resistance 3, torment resistance 2, heat
vulnerability 1, in touch with death 1, no potions, faith
a: no special abilities


You were on level 3 of the Dungeon.
You visited 1 branch of the dungeon, and saw 3 of its levels.

You collected 180 gold pieces.

Inventory:

Hand Weapons
 c - a +0 flail (weapon)
Armour
 a - a +1 pair of boots (worn)
 e - a +1 robe of willpower (worn)
 f - a +0 helmet (worn)
Jewellery
 b - a +6 ring of dexterity (left hand)
Wands
 d - a wand of polymorph (6)


   Skills:
 + Level 1.5 Dodging
 + Level 1.6 Stealth
 * Level 5.2 Spellcasting
 * Level 5.9 Necromancy


You had 13 spell levels left.
You knew the following spells:

 Your Spells              Type           Power      Damage    Failure   Level
a - Necrotise             Necr           100%       1d9       1%          1

Your spell library contained the following spells:

 Spells                   Type           Power      Damage    Failure   Level
 Vampiric Draining        Necr           34%        2d8       4%          3
 Animate Dead             Necr           34%        N/A       13%         4
 Curse of Agony           Necr           34%        N/A       36%         5


Dungeon Overview and Level Annotations

Branches:
Dungeon (3/15)

Altars:

Annotations:
D:3 Grinder


Innate Abilities, Weirdness & Mutations

You are immune to poison.
Your flesh is cold resistant. (rC+)
You are immune to negative energy. (rN+++)
You are immune to unholy pain and torment.
You are vulnerable to heat. (rF-)
You are in touch with the powers of death.
You do not drink.
You have a special connection with the divine. (Faith)


Message History

Your Spellcasting skill increases to level 5!
You can't see any susceptible monsters within range! (Use Z to cast anyway.)
You can't see any susceptible monsters within range! (Use Z to cast anyway.)
You can't see any susceptible monsters within range! (Use Z to cast anyway.)
Found 4 stones.
Found a stone staircase leading down.
Natasha crumbles into dust!
You see here an orb of wrath.
Grinder comes into view.
Found a grey potion.
Grinder shouts!
You hear a shout!
An endoplasm comes into view.
Aiming: Polymorph
Press: ? - help, Shift-Dir - straight line, f - Grinder
Aim: Grinder (will become a lemure, a hellion, or a cerulean imp, chance to affect: 49%) Grinder resists with some effort.
The endoplasm quivers.
Aiming: Polymorph
Press: ? - help, Shift-Dir - straight line, f/p - Grinder
Aim: Grinder (will become a lemure, a hellion, or a cerulean imp, chance to affect: 49%) Grinder evaporates and reforms as a hellion!
Grinder rolls its eyes.
Unknown command.
You feel a surge of power!
Grinder is unaffected.
You feel a surge of power!
Grinder is unaffected.
You feel a surge of power!
Grinder is unaffected.
Grinder says, "My boss said I was rubbish.
His entrails said otherwise."
Grinder gestures at you.
The sphere of damnation explodes!
The damnation engulfs you!!
Ouch! That really hurt!
* * * LOW HITPOINT WARNING * * *
An iguana comes into view.
You hear a shout! x4; You hear a bark! x3
As you read the scroll labelled JEFOLA FIKK, it crumbles to dust.
It is a scroll of identify.
You don't currently have any unidentified items.
Grinder gestures at you.
The sphere of damnation explodes!
The damnation engulfs you!!!
Ouch! That really hurt!
You die...
Grinder says, "Now the real fun starts!"

.##............###
......###...............
......##..........(.....
...)..##................
...†..##..............l!
........................
........................
.........#.......2>.....
......####......@J.#
......# #.........#
......# #.[.......#
#####.....# #.....#
#.....# #.....# #####.#
.#


You could see Grinder the hellion, an iguana and an endoplasm.

Vanquished Creatures
  A killer bee (D:3)
  Jessica (D:2)
  Natasha (thrice) (D:3)
  Robin (D:3)
  An adder (D:2)
  A dart slug (D:1)
  6 ball pythons
  7 bats
  2 endoplasms
  3 giant cockroaches
  7 goblins
  6 hobgoblins
  4 jackals (D:3)
  5 quokkas
  4 frilled lizards
  4 kobolds
  4 rats
60 creatures vanquished.

Vanquished Creatures (collateral kills)
  A ball python (D:3)
  4 goblins
  A hobgoblin (D:1)
  A rat (D:1)
7 creatures vanquished.

Grand Total: 67 creatures vanquished

Notes
Turn   | Place    | Note
-------+----------+-------------------------------------------
     0 | D:1      | Vorhees the Mummy Necromancer began the quest for the Orb.
     0 | D:1      | Reached XP level 1. HP: 13/13 MP: 4/4
   117 | D:1      | Reached XP level 2. HP: 18/19 MP: 1/5
   529 | D:1      | Reached XP level 3. HP: 24/24 MP: 5/7
   964 | D:2      | Reached skill level 5 in Necromancy
  1493 | D:2      | Noticed Jessica
  1506 | D:2      | Killed Jessica
  1507 | D:2      | Reached XP level 4. HP: 30/30 MP: 6/9
  1914 | D:3      | Noticed Sigmund
  1916 | D:3      | Sigmund changed into Sigmund the killer bee
  1916 | D:3      | Noticed Sigmund
  1920 | D:3      | Killed Sigmund the killer bee
  1921 | D:3      | Reached XP level 5. HP: 32/35 MP: 5/11
  2000 | D:3      | Noticed Natasha
  2008 | D:3      | Killed Natasha
  2094 | D:3      | Noticed Natasha
  2102 | D:3      | Killed Natasha
  2117 | D:3      | Noticed Robin
  2125 | D:3      | Killed Robin
  2273 | D:3      | Noticed Natasha
  2277 | D:3      | Killed Natasha
  2278 | D:3      | Reached skill level 5 in Spellcasting
  2307 | D:3      | Noticed Grinder
  2309 | D:3      | Grinder changed into Grinder the hellion
  2309 | D:3      | Noticed Grinder
  2313 | D:3      | Killed from afar by Grinder the hellion

Illustrated notes

Levels and vault maps discovered:
D:1:      lightli_arrival_quake, layout_rooms, minmay_tromino_v4_b
D:2:      layout_basic, nicolae_titane, uniq_jessica
D:3:      layout_basic, ebering_ecumenical_altar_box, uniq_grinder, uniq_robin,
          uniq_natasha, uniq_sigmund

Skill      XL: |  1  2  3  4  5 |
---------------+----------------+-----
Spellcasting   | 3 4 5 |  5.2
Necromancy     | 5 |  5.9
Dodging        | |  1.5
Stealth        | |  1.6

Action                     |  1- 3 |  4- 6 || total
---------------------------+-------+-------++-------
  Melee: Flail             |     8 |     3 ||    11
         Unarmed           |     1 |       ||     1
   Cast: Necrotise         |    40 |    52 ||    92
  Evoke: Wand              |       |     3 ||     3
    Use: Scroll            |     2 |     1 ||     3
   Stab: Distracted        |     1 |       ||     1
 Armour: Robe              |     8 |    16 ||    24
  Dodge: Dodged            |    11 |    16 ||    27

Table legend: (Time is in decaauts)
 A = Elapsed time spent in this place.
 B = Non-inter-level travel time spent in this place.
 C = Inter-level travel time spent in this place.
 D = Time resting spent in this place.
 E = Time spent auto-exploring this place.
 F = Levels seen in this place.
 G = Mean time per level.
                   A        B        C        D        E       F      G
               +--------+--------+--------+--------+--------+-----+--------+
         Total |   2315 |   2257 |     58 |    103 |   1815 |   3 |  771.7 |
       Dungeon |   2315 |   2257 |     58 |    103 |   1815 |   3 |  771.7 |
               +--------+--------+--------+--------+--------+-----+--------+

Top non-repeatable levels by time:
     D:2: 878 daAuts
     D:1: 754 daAuts
     D:3: 682 daAuts
